 Dungeon Crawl Stone Soup version 0.23.0-3-gf3c87f2 (webtiles) character file.

Game seed: 7284257874929314513

153988 skk the Fencer (level 17, -24/109 HPs)
             Began as a Gargoyle Fighter on Feb 23, 2019.
             Was the Champion of Okawaru.
             Blown up by a conjurer statue (62 damage)
             ... with an orb of destruction
             ... in a wizard's laboratory.
             The game lasted 01:06:10 (22461 turns).

skk the Fencer (Gargoyle Fighter)                  Turns: 22461, Time: 01:06:11

Health: -24/109    AC: 41    Str: 28    XL:     17   Next: 61%
Magic:  23/23      EV: 26    Int: 12    God:    Okawaru [******]
Gold:   1901       SH:  9    Dex: 17    Spells: 16/16 levels left

rFire    + + .     SeeInvis .   a - +7 Singing Sword {slice, sonic wave}
rCold    + . .     Gourm    .   Y - +1 buckler {AC+3}
rNeg     + . .     Faith    .   P - +3 plate armour of Makui {+Inv rF+ Regen+ Str+2}
rPois    ∞         Spirit   .   O - +0 helmet of Ziegoamo {+Fly MR+ Dex+3}
rElec    +         Reflect  .   J - scarf {rC+ rF+}
rCorr    .         Harm     .   y - +1 pair of gloves of Repulsion {Int+2}
MR       ++...                  (no boots)
Stlth    ..........             v - amulet of the acrobat
HPRegen  0.68/turn              n - +4 ring of protection
MPRegen  0.18/turn              e - +5 ring of dexterity

@: acrobat, very slightly contaminated
A: big wings, negative energy resistance 1, electricity resistance, unbreathing,
petrification resistance, rot immunity, AC +12
a: Fly, Heroism, Finesse, Renounce Religion, Evoke Invisibility, Evoke Flight


You were in a wizard's laboratory.
You worshipped Okawaru.
Okawaru was exalted by your worship.
You were not hungry.

You visited 4 branches of the dungeon, and saw 26 of its levels.
You also visited: Bailey, Gauntlet and Wizlab.

You collected 2656 gold pieces.
You spent 755 gold pieces at shops.

Inventory:

Hand Weapons
 a - the +7 Singing Sword (weapon) {slice, sonic wave}
   (You acquired it on level 9 of the Dungeon)

   It inflicts extra damage upon your enemies.
 c - a +6 vampiric broad axe
 s - the +9 double sword of Okawaru's Whim {drain, Stlth+}
   (Okawaru gifted it to you on level 2 of the Orcish Mines)

   A truly terrible weapon, it drains the life of those it strikes.
   It makes you more stealthy.
 G - a +4 scimitar of flaming
Armour
 y - the +1 pair of gloves of Repulsion (worn) {Int+2}
   (Okawaru gifted it to you on level 2 of the Elven Halls)

   It affects your intelligence (+2).
 J - a scarf of resistance (worn)
 M - the +0 helmet of Odevaran {rF+ rCorr Int+2}
   (Okawaru gifted it to you on level 14 of the Dungeon)

   It affects your intelligence (+2).
   It protects you from fire.
   It provides partial protection from all sources of acid and corrosion.
 O - the +0 helmet of Ziegoamo (worn) {+Fly MR+ Dex+3}
   (You found it in a Gauntlet)

   It affects your dexterity (+3).
   It affects your resistance to hostile enchantments.
   It lets you fly.
 P - the +3 plate armour of Makui (worn) {+Inv rF+ Regen+ Str+2}
   (You found it in a Gauntlet)

   It affects your strength (+2).
   It protects you from fire.
   It lets you turn invisible.
   It increases your rate of regeneration.
 V - a scarf of cloud immunity
 Y - a +1 buckler of protection (worn)
Jewellery
 e - a +5 ring of dexterity (right hand)
 n - a +4 ring of protection (left hand)
 o - an uncursed ring of protection from fire
 p - an uncursed amulet of regeneration {unknown}
 v - an amulet of the acrobat (around neck)
 N - an uncursed ring of positive energy
Wands
 d - a wand of flame (16)
 q - a wand of iceblast (19)
 w - a wand of digging (2)
 C - a wand of scattershot (5)
 K - a wand of paralysis (35)
 Q - a wand of acid (17)
Scrolls
 j - 18 scrolls of remove curse
 u - 3 scrolls of blinking
 z - a scroll of amnesia
 A - 9 scrolls of teleportation
 B - 5 scrolls of fog
 D - 5 scrolls of magic mapping
 F - 8 scrolls of enchant armour
 H - 2 scrolls of fear
 U - 2 scrolls of noise
Potions
 b - 4 potions of might
 g - a potion of lignification
 h - 14 potions of curing
 i - a potion of resistance
 k - a potion of flight {unknown}
 l - 3 potions of brilliance
 r - 4 potions of haste
 t - 2 potions of berserk rage
 x - 5 potions of agility
 L - 3 potions of mutation
 S - a potion of cancellation
 T - a potion of ambrosia
 W - a potion of degeneration {unknown}
Miscellaneous
 m - 2 phantom mirrors
 R - a box of beasts
Comestibles
 f - 52 rations


   Skills:
 + Level 13.3 Fighting
 + Level 16.5 Long Blades
   Level 4.4 Polearms
 + Level 11.1 Armour
 + Level 5.2 Dodging
 + Level 3.7 Stealth
 + Level 15.3 Shields
 + Level 8.9 Invocations
 + Level 8.1 Evocations


You had 16 spell levels left.
You didn't know any spells.
Your spell library contained the following spells:

 Spells                   Type           Power        Failure   Level  Hunger
 Animate Skeleton         Necr           N/A          94%         1    ##.....
 Apportation              Tloc           #.....       94%         1    ##.....
 Confusing Touch          Hex            #.....       94%         1    ##.....
 Infusion                 Chrm           #...         94%         1    ##.....
 Magic Dart               Conj           #...         94%         1    ##.....
 Summon Butterflies       Summ           #.......     94%         1    ##.....
 Summon Small Mammal      Summ           #...         94%         1    ##.....
 Blink                    Tloc           N/A          98%         2    ###....
 Call Imp                 Summ           #.......     98%         2    ###....
 Shroud of Golubria       Chrm/Tloc      #.........   98%         2    ###....
 Slow                     Hex            #.......     98%         2    ###....
 Song of Slaying          Chrm           #.......     98%         2    ###....
 Call Canine Familiar     Summ           #.......     100%        3    ####...
 Confuse                  Hex            #.......     100%        3    ####...
 Conjure Flame            Conj/Fire      #.......     100%        3    ####...
 Gell's Gravitas          Tloc           #.........   100%        3    ####...
 Ignite Poison            Fire/Tmut/Pois #.......     100%        3    ####...
 Lesser Beckoning         Tloc           #.........   100%        3    ####...
 Mephitic Cloud           Conj/Pois/Air  #.......     100%        3    ####...
 Regeneration             Chrm/Necr      #.........   100%        3    ####...
 Spectral Weapon          Hex/Chrm       #.......     100%        3    ####...
 Tukima's Dance           Hex            #.......     100%        3    ####...
 Petrify                  Tmut/Erth      #.......     100%        4    #####..
 Summon Ice Beast         Ice/Summ       #.......     100%        4    #####..
 Alistair's Intoxication  Tmut/Pois      #.......     100%        5    ######.
 Fireball                 Conj/Fire      #.........   100%        5    ######.
 Metabolic Englaciation   Hex/Ice        #.........   100%        5    ######.
 Summon Mana Viper        Hex/Summ       #.......     100%        5    ######.
 Yara's Violent Unravell  Hex/Tmut       #.........   100%        5    ######.
 Bolt of Fire             Conj/Fire      #.........   100%        6    #######
 Invisibility             Hex            #.......     100%        6    #######
 Ring of Flames           Chrm/Fire      #.........   100%        7    #######
 Summon Hydra             Summ           #.........   100%        7    #######
 Ignition                 Fire           #.........   100%        8    #######


Dungeon Overview and Level Annotations

Branches:
Dungeon (15/15)            Temple (0/1) D:5            Lair (6/6) D:9
  Swamp (0/4) Lair:3       Spider (0/4) Lair:3        Slime (0/5) Lair:5
    Orc (2/2) D:10            Elf (3/3) Orc:2        Vaults (0/5) D:14
 Depths (0/5) D:15

Altars:
Elyvilon
Kikubaaqudgha
Makhleb
Okawaru
Ru
Trog
Uskayaw
Vehumet
Beogh
Jiyva

Shops:
D:8 ?%?   D:11 }(%[*   Orc:2 }!![   Elf:1 !   Elf:3 *

Portals:
Trove: D:14 (give 13 scrolls of teleportation)

Annotations:
WizLab exclusion: 2 statues


Innate Abilities, Weirdness & Mutations

You are resistant to torment.
Your stone body is resilient. (AC +12)
You are immune to poison.
Your large and strong wings let you fly indefinitely.
You resist negative energy. (rN+)
You are resistant to electric shocks. (rElec)
You can survive without breathing.
You are immune to petrification.
You are immune to rotting.


Message History

The monsters around you are blasted!
The deep elf mage is moderately wounded.
The conjurer statue is lightly damaged.
You kill the deep elf mage!
Okawaru accepts your kill.
You hear a shout!
You hear a roar!
The deep elf mage casts a spell.
The deep elf mage conjures a globe of magical energy!
A battlesphere comes into view.
You slash the deep elf mage!
The deep elf mage is almost dead.
The conjurer statue conjures a glowing orb.
An orb of destruction comes into view.
You slice the deep elf mage!!
You kill the deep elf mage!
Okawaru accepts your kill.
The battlesphere dissipates.
The orb of destruction hits you!! The orb of destruction hits you!!!
Ouch! That really hurt!
You die...

***################
*,##.#.#.#.#§#.#.§#*
*§#§#.#.#.#§#.#∩##§#*
,*§§........#.###§#,*
,,§.............§#*,*
,8§.............@#∩*#
,§.........§§§.§○##.#
,,,#....)§§§§..§.§§##
*,*#.#..§§§§§§§§.##§#
,,,,*##..§§§§§.§...##
****,#.#.....§.§..#.#
*,**#.#.#....§.....##
*+**##.###.......§#.#
,,,,*##,#.....§.§§.##


There were no monsters in sight!

Vanquished Creatures
  Agnes (Elf:1)
  A deep elf elementalist (Elf:1)
  An orc warlord (Orc:1)
  An ironheart preserver (D:14)
  A deep elf annihilator (Elf:2)
  A minotaur (Gauntlet)
  2 deep elf demonologists
  Azrael (Orc:2)
  2 purple draconians (WizLab)
  A statue (WizLab)
  Snorg (D:10)
  An ettin (Orc:2)
  2 ogre magi
  Erolcha (D:10)
  A yaktaur captain (D:15)
  A ghost crab (Gauntlet)
  2 centaur warriors (D:15)
  4 hydras
  A catoblepas (Lair:6)
  Erica (D:9)
  3 two-headed ogres
  21 dancing weapons
  The ghost of Cato the Destroyer, a journeyman DECj of Sif Muna (Lair:2)
  A death scarab (Gauntlet)
  14 death yaks (Lair:6)
  15 deep elf knights
  Nergalle (Orc:2)
  2 skeletal warriors (D:14)
  2 unseen horrors (D:11)
  9 deep elf archers
  The ghost of ohad the Martial Artist, a novice OpTm of Gozag (D:7)
  Pikel (D:7)
  A wolf spider zombie (D:12)
  3 lindwurms
  2 oklob plants
  49 deep elf magi
  A moth of wrath (Gauntlet)
  An orc knight (Orc:2)
  9 orc sorcerers
  24 ugly things
  2 cyclopes
  3 wolf spiders (Lair:3)
  6 manticores
  2 centaur zombies
  8 black mambas
  Maurice (D:10)
  A black mamba (shapeshifter) (Elf:3)
  A gargoyle (D:14)
  8 spiny frogs
  3 torpor snails
  5 komodo dragons (Lair:1)
  3 rime drakes
  6 trolls
  A polar bear (Lair:4)
  A polar bear (shapeshifter) (D:14)
  2 hornets (D:12)
  18 blink frogs
  10 slime creatures
  11 dream sheep
  2 bog bodies (Lair:3)
  Prince Ribbit (Lair:2)
  A meliai zombie (D:14)
  A spectral black mamba (Gauntlet)
  8 hippogriffs
  3 vampires
  2 centaur simulacra
  3 air elementals (Elf:2)
  Sigmund (D:3)
  2 water elementals
  3 shadows
  7 wyverns
  4 wraiths
  4 redbacks
  45 yaks
  7 fire elementals
  6 basilisks
  4 hungry ghosts
  3 wargs
  3 swamp worms (Lair:3)
  3 soldier ants
  An acid dragon (D:15)
  4 hell hounds (Orc:2)
  8 water moccasins
  11 porcupines
  20 orc warriors
  4 sky beasts
  A black bear (D:9)
  3 phantoms
  7 ice beasts
  4 slaves (D:7)
  An eye of draining (D:14)
  16 ogres
  3 boggarts (D:13)
  7 centaurs
  11 crocodiles
  3 big kobolds
  20 bullfrogs
  3 gnoll sergeants (D:8)
  7 scorpions
  3 killer bees (D:9)
  20 wights
  12 electric eels
  10 crimson imps
  16 hounds
  A quasit (D:8)
  3 gnoll shamans (D:8)
  10 jellies
  15 orc priests
  6 iguanas
  32 orc wizards
  2 bullfrog skeletons
  4 centaur skeletons
  A hell rat (Lair:6)
  8 worker ants
  2 hound skeletons
  3 mummies (D:7)
  2 worker ant zombies
  Robin (D:4)
  34 gnolls
  12 adders
  2 shadow imps (D:8)
  2 oozes
  6 worms
  4 dart slugs
  5 leopard geckos
  84 orcs
  7 giant cockroaches
  23 goblins
  9 hobgoblins
  16 jackals
  10 quokkas
  A ball python (D:2)
  3 bats
  2 frilled lizards (D:1)
  A giant cockroach zombie (D:5)
  21 kobolds
  A leopard gecko zombie (D:4)
  8 rats
  2 butterflies
  7 fungi
  11 plants
  A withered plant (Gauntlet)
950 creatures vanquished.

Vanquished Creatures (others)
  A purple draconian (WizLab)
  A deep elf mage (Elf:2)
  18 fungi
  23 plants
  7 withered plants (Gauntlet)
50 creatures vanquished.

Grand Total: 1000 creatures vanquished

Notes
Turn   | Place    | Note
-------+----------+-------------------------------------------
     0 | D:1      | skk the Gargoyle Fighter began the quest for the Orb.
     0 | D:1      | Reached XP level 1. HP: 14/14 MP: 1/1
   240 | D:1      | Reached XP level 2. HP: 13/19 MP: 2/2
   677 | D:1      | Reached XP level 3. HP: 22/23 MP: 3/3
  1114 | D:2      | Found an iron altar of Okawaru.
  1132 | D:2      | Became a worshipper of Warmaster Okawaru
  1135 | D:2      | Reached XP level 4. HP: 24/28 MP: 4/4
  1607 | D:3      | Noticed Sigmund
  1800 | D:3      | Reached skill level 1 in Dodging
  1800 | D:3      | Reached XP level 5. HP: 32/33 MP: 5/5
  1808 | D:3      | Reached XP level 6. HP: 18/38 MP: 6/6
  1810 | D:3      | Reached * piety under Okawaru
  2152 | D:3      | Killed Sigmund
  2152 | D:3      | Reached skill level 1 in Long Blades
  2152 | D:3      | Reached skill level 1 in Invocations
  2152 | D:3      | Reached XP level 7. HP: 31/43 MP: 6/8
  2647 | D:4      | Noticed Robin
  2660 | D:4      | Reached skill level 2 in Long Blades
  2666 | D:4      | Killed Robin
  2760 | D:4      | Noticed a yak
  2760 | D:4      | Noticed a yak
  2760 | D:4      | Noticed a yak
  2779 | D:4      | Killed a yak
  2779 | D:4      | Reached ** piety under Okawaru
  2779 | D:4      | Reached skill level 3 in Long Blades
  2790 | D:4      | Killed a yak
  2790 | D:4      | Reached skill level 5 in Shields
  2790 | D:4      | Reached XP level 8. HP: 45/48 MP: 6/10
  2796 | D:4      | Killed a yak
  2796 | D:4      | Reached skill level 4 in Long Blades
  3227 | D:5      | Entered Level 5 of the Dungeon
  3253 | D:5      | Found a burning altar of Makhleb.
  3311 | D:5      | Reached *** piety under Okawaru
  3311 | D:5      | Reached skill level 5 in Fighting
  3338 | D:5      | Reached skill level 5 in Long Blades
  3420 | D:5      | Reached XP level 9. HP: 40/54 MP: 12/12
  3430 | D:5      | Found a staircase to the Ecumenical Temple.
  3591 | D:5      | Found a hide-covered altar of Uskayaw.
  3999 | D:6      | Reached skill level 6 in Long Blades
  4057 | D:6      | Reached skill level 5 in Invocations
  4102 | D:6      | Found a white marble altar of Elyvilon.
  4109 | D:6      | Got a slimy flail
  4110 | D:6      | Identified the cursed +1 flail "Vurogg" {elec, Dex+4} (You
                  | found it on level 6 of the Dungeon)
  4179 | D:6      | You fall through a shaft for 3 floors!
  4179 | D:9      | Found a staircase to the Lair.
  4211 | D:9      | Reached **** piety under Okawaru
  4289 | D:9      | Reached skill level 7 in Long Blades
  4440 | D:9      | Noticed Erica
  4448 | D:9      | Killed Erica
  4448 | D:9      | Reached ***** piety under Okawaru
  4448 | D:9      | Reached skill level 5 in Armour
  4448 | D:9      | Reached XP level 10. HP: 35/60 MP: 11/14
  4489 | D:9      | Found a flagged portal.
  4498 | Bailey   | Entered a bailey
  4582 | Bailey   | Found a bloodstained altar of Trog.
  4791 | D:9      | Found a radiant altar of Vehumet.
  5023 | D:9      | Reached skill level 8 in Long Blades
  5364 | D:9      | Identified a scroll of acquirement
  5365 | D:9      | Found the +7 Singing Sword {slice, sonic wave}
  5483 | D:8      | Found Cestok's Food Boutique.
  5713 | D:8      | Reached skill level 1 in Stealth
  5729 | D:8      | Received a gift from Okawaru
  5737 | D:8      | Reached XP level 11. HP: 46/66 MP: 16/16
  5918 | D:8      | Found Oru Umocw's Magic Scroll Shoppe.
  5922 | D:8      | Bought a scroll of fog for 30 gold pieces
  5922 | D:8      | Bought a scroll of magic mapping for 52 gold pieces
  5922 | D:8      | Bought a scroll of teleportation for 45 gold pieces
  5922 | D:8      | Bought a scroll of identify for 30 gold pieces
  5922 | D:8      | Bought a scroll of remove curse for 45 gold pieces
  5922 | D:8      | Bought a scroll of remove curse for 45 gold pieces
  5922 | D:8      | Bought a scroll of remove curse for 45 gold pieces
  5922 | D:8      | Bought a scroll of remove curse for 45 gold pieces
  5922 | D:8      | Bought a scroll of fog for 30 gold pieces
  5922 | D:8      | Bought a scroll of teleportation for 45 gold pieces
  6050 | D:8      | Found Doczejik's Magic Scroll Shoppe.
  6058 | D:8      | Bought 3 scrolls of identify for 72 gold pieces
  6058 | D:8      | Bought a scroll of enchant armour for 90 gold pieces
  6058 | D:8      | Bought a scroll of noise for 12 gold pieces
  6058 | D:8      | Bought a scroll of identify for 24 gold pieces
  6058 | D:8      | Bought a scroll of teleportation for 36 gold pieces
  6058 | D:8      | Bought a scroll of identify for 24 gold pieces
  6317 | D:7      | Found a transporter.
  6317 | D:7      | Noticed ohad's ghost (novice OpTm)
  6404 | D:7      | Found a transporter.
  6425 | D:7      | Reached ****** piety under Okawaru
  6425 | D:7      | Reached skill level 9 in Long Blades
  6507 | D:7      | Noticed Pikel
  6512 | D:7      | Received a gift from Okawaru
  6517 | D:7      | Killed Pikel
  6743 | D:7      | Killed ohad's ghost
  7264 | Lair:1   | Entered Level 1 of the Lair of Beasts
  7526 | Lair:1   | Reached skill level 10 in Long Blades
  7641 | Lair:1   | Reached XP level 12. HP: 72/72 MP: 18/18
  8007 | Lair:2   | Received a gift from Okawaru
  8222 | Lair:2   | Noticed Prince Ribbit
  8223 | Lair:2   | Received a gift from Okawaru
  8231 | Lair:2   | Killed Prince Ribbit
  8231 | Lair:2   | Reached skill level 11 in Long Blades
  8497 | Lair:2   | Found a large runed translucent door.
  8497 | Lair:2   | Found a large runed translucent door.
  8501 | Lair:2   | Noticed Cato's ghost (journeyman DECj)
  8757 | Lair:2   | Received a gift from Okawaru
  9247 | Lair:2   | Killed Cato's ghost
  9247 | Lair:2   | Reached skill level 10 in Shields
  9273 | Lair:3   | Found a gate leading to a gauntlet.
  9300 | Gauntlet | Entered a Gauntlet
  9300 | Gauntlet | Found a transporter.
  9300 | Gauntlet | Found a transporter.
  9304 | Gauntlet | Found a transporter.
  9304 | Gauntlet | Noticed a death scarab
  9332 | Gauntlet | Found a transporter.
  9342 | Gauntlet | Found a transporter.
  9342 | Gauntlet | Found a transporter.
  9342 | Gauntlet | Noticed a catoblepas
  9346 | Gauntlet | Found a transporter.
  9351 | Gauntlet | Noticed a ghost crab
  9373 | Gauntlet | Found a transporter.
  9380 | Gauntlet | Found a transporter.
  9391 | Gauntlet | Found a transporter.
  9398 | Gauntlet | Found a transporter.
  9444 | Gauntlet | Found a transporter.
  9458 | Gauntlet | Found a transporter.
  9544 | Gauntlet | Found a transporter.
  9559 | Gauntlet | Found a transporter.
  9573 | Gauntlet | Found a transporter.
  9776 | Gauntlet | Killed a death scarab
  9911 | Gauntlet | Got a distressingly furry helmet
  9912 | Gauntlet | Identified the cursed +0 helmet of Ziegoamo {+Fly MR+
                  | Dex+3} (You found it in a Gauntlet)
 10090 | Gauntlet | Killed a ghost crab
 10090 | Gauntlet | Reached XP level 13. HP: 80/80 MP: 17/19
 10129 | Gauntlet | Identified the +6 quarterstaff of Slow Death {flame, +Rage}
 10129 | Gauntlet | Noticed a minotaur
 10142 | Gauntlet | Killed a minotaur
 10156 | Gauntlet | Got a jewelled plate armour
 10156 | Gauntlet | Got a scorched scale mail
 10223 | Lair:3   | Identified the cursed +0 scale mail "Axied" {+Blink rElec
                  | rF+ Str+4} (You found it in a Gauntlet)
 10234 | Lair:3   | Identified the +3 plate armour of Makui {+Inv rF+ Regen+
                  | Str+2} (You found it in a Gauntlet)
 10324 | Lair:3   | Received a gift from Okawaru
 10367 | Lair:3   | Reached skill level 12 in Long Blades
 10367 | Lair:3   | Reached skill level 1 in Evocations
 10695 | Lair:3   | Found a staircase to the Swamp.
 10774 | Lair:3   | Found a hole to the Spider Nest.
 10990 | Lair:4   | Found a bloodstained altar of Trog.
 11968 | Lair:5   | Found a white marble altar of Elyvilon.
 12013 | Lair:5   | Received a gift from Okawaru
 12106 | Lair:5   | Found a viscous altar of Jiyva.
 12107 | Lair:5   | Found a staircase to the Slime Pits.
 12426 | Lair:6   | Entered Level 6 of the Lair of Beasts
 12496 | Lair:6   | Gained mutation: Your large and strong wings let you fly
                  | indefinitely. [Gargoyle growth]
 12496 | Lair:6   | Reached XP level 14. HP: 84/86 MP: 20/20
 12589 | Lair:6   | Received a gift from Okawaru
 12598 | Lair:6   | Got a citrine-encrusted ring mail {god gift}
 12599 | Lair:6   | Identified the +0 ring mail of Atsuylul {Str+5} (Okawaru
                  | gifted it to you on level 6 of the Lair of Beasts)
 12636 | Lair:6   | Reached skill level 13 in Long Blades
 12849 | Lair:6   | Got a faintly glowing rapier
 12850 | Lair:6   | Identified the +6 rapier of Plunder {freeze, -Tele Int+6
                  | Dex+3} (You found it on level 6 of the Lair of Beasts)
 13037 | Lair:6   | Reached skill level 10 in Fighting
 13038 | Lair:6   | Reached skill level 5 in Evocations
 13120 | Lair:6   | Received a gift from Okawaru
 13616 | D:10     | Entered Level 10 of the Dungeon
 13720 | D:10     | Found a staircase to the Orcish Mines.
 13743 | Orc:1    | Entered Level 1 of the Orcish Mines
 14048 | Orc:1    | Noticed an orc warlord
 14054 | Orc:1    | Killed an orc warlord
 14302 | Orc:2    | Entered Level 2 of the Orcish Mines
 14304 | Orc:2    | Found a staircase to the Elven Halls.
 14418 | Orc:2    | Noticed Azrael
 14432 | Orc:2    | Killed Azrael
 14432 | Orc:2    | Received a gift from Okawaru
 14491 | Orc:2    | Got a dazzling double sword {god gift}
 14493 | Orc:2    | Identified the +9 double sword of Okawaru's Whim {drain,
                  | Stlth+} (Okawaru gifted it to you on level 2 of the Orcish
                  | Mines)
 14595 | Orc:2    | Found Awnehobi's Antique Armour Shop.
 14614 | Orc:2    | Found an ancient bone altar of Kikubaaqudgha.
 14614 | Orc:2    | Noticed Nergalle
 14630 | Orc:2    | Killed Nergalle
 14630 | Orc:2    | Reached XP level 15. HP: 90/93 MP: 19/21
 14659 | Orc:2    | Paralysed by an ogre mage for 2 turns
 14668 | Orc:2    | Found a radiant altar of Vehumet.
 14685 | Orc:2    | Reached skill level 14 in Long Blades
 14752 | Orc:2    | Found Dacae's Gadget Boutique.
 14789 | Orc:2    | Found a roughly hewn altar of Beogh.
 14794 | Orc:2    | Found Juidiebb's Distillery.
 14811 | Orc:2    | Found Qaitsa Icwio's Distillery.
 15178 | D:10     | Noticed Snorg
 15191 | D:10     | Killed Snorg
 15510 | D:10     | Noticed Erolcha
 15516 | D:10     | Killed Erolcha
 15621 | D:10     | Noticed Maurice
 15624 | D:10     | Killed Maurice
 15809 | D:11     | Found Plog's Antique Weapon Boutique.
 15982 | D:11     | Found Ujikeg's Food Boutique.
 16186 | D:11     | Found Apuottiz's Gadget Emporium.
 16408 | D:11     | Found Plog's General Store.
 16420 | D:11     | Bought a scroll of noise for 15 gold pieces
 16427 | D:11     | Found Ahuolam's Armour Shop.
 16432 | D:11     | Bought a scarf of cloud immunity for 70 gold pieces
 16623 | D:12     | Received a gift from Okawaru
 18174 | D:14     | Received a gift from Okawaru
 18177 | D:14     | Got a scorched helmet {god gift}
 18188 | D:14     | Identified the +0 helmet of Odevaran {rF+ rCorr Int+2}
                  | (Okawaru gifted it to you on level 14 of the Dungeon)
 18218 | D:14     | Found a portal to a secret trove of treasure.
 18385 | D:14     | Found a gate to the Vaults.
 18716 | D:14     | Found a sacrificial altar of Ru.
 18899 | D:15     | Entered Level 15 of the Dungeon
 18981 | D:15     | Reached XP level 16. HP: 98/100 MP: 22/22
 19009 | D:15     | Reached skill level 5 in Dodging
 19026 | D:15     | Reached skill level 15 in Long Blades
 19180 | D:15     | Found a staircase to the Depths.
 20074 | Elf:1    | Entered Level 1 of the Elven Halls
 20187 | Elf:1    | Received a gift from Okawaru
 20193 | Elf:1    | Noticed an Ice Fiend
 20193 | Elf:1    | Reached skill level 10 in Armour
 20212 | Elf:1    | Received a gift from Okawaru
 20230 | Elf:1    | Received a gift from Okawaru
 20323 | Elf:1    | Found Caxum's Distillery.
 20333 | Elf:1    | Noticed Agnes
 20348 | Elf:1    | Killed Agnes
 21195 | Elf:2    | Received a gift from Okawaru
 21250 | Elf:2    | Got a pair of distressingly furry gloves {god gift}
 21264 | Elf:2    | Identified the +1 pair of gloves of Repulsion {Int+2}
                  | (Okawaru gifted it to you on level 2 of the Elven Halls)
 21286 | Elf:2    | Reached XP level 17. HP: 108/108 MP: 23/23
 21434 | Elf:2    | Found a huge runed translucent gate.
 21434 | Elf:2    | Found a huge runed translucent gate.
 21434 | Elf:2    | Found a huge runed translucent gate.
 21435 | Elf:2    | Found a huge runed translucent gate.
 21436 | Elf:2    | Found a huge runed translucent gate.
 21729 | Elf:2    | Reached skill level 16 in Long Blades
 21792 | Elf:2    | Reached skill level 15 in Shields
 21902 | Elf:2    | Received a gift from Okawaru
 22254 | Elf:3    | Entered Level 3 of the Elven Halls
 22322 | Elf:3    | Found a magical portal.
 22359 | Elf:3    | Found Uretto's Elven Fire.
 22393 | WizLab   | Entered Iskenderun's Mystic Tower
 22435 | WizLab   | Received a gift from Okawaru
 22461 | WizLab   | Blown up by a conjurer statue

Skill      XL: |  1  2  3  4  5  6  7  8  9 10 11 12 13 14 15 16 17 |
---------------+----------------------------------------------------+-----
Polearms       | 2 3 4 |  4.4
Shields        | 4 5 6 8 10 11 12 14 15 | 15.3
Dodging        | 1 2 3 4 5 |  5.2
Armour         | 4 5 6 7 8 9 10 11 | 11.1
Fighting       | 4 5 6 7 8 9 10 11 12 13 | 13.3
Long Blades    | 1 3 5 7 8 10 11 12 13 14 15 16 | 16.5
Invocations    | 1 2 4 6 7 8 |  8.9
Stealth        | 1 2 3 |  3.7
Evocations     | 3 5 7 8 |  8.1

Action                   |  1- 3 |  4- 6 |  7- 9 | 10-12 | 13-15 | 16-18 || total
-------------------------+-------+-------+-------+-------+-------+-------++-------
Melee: Trident           |   132 |   113 |       |       |       |       ||   245
       Scimitar          |       |    32 |   297 |    77 |    24 |       ||   430
       Double sword      |       |       |       |   323 |   707 |   423 ||  1453
Invok: Heroism           |       |     1 |     6 |     6 |    11 |     4 ||    28
       Finesse           |       |       |       |     1 |       |       ||     1
 Abil: Evoke Berserk Rag |       |       |       |       |     1 |       ||     1
       Evoke Invisibilit |       |       |       |       |     1 |       ||     1
Evoke: Wand              |       |       |       |     1 |       |     1 ||     2
  Use: Potion            |       |     1 |       |     3 |       |     3 ||     7
       Scroll            |       |     2 |    12 |    12 |    10 |    12 ||    48
 Stab: Invisible         |       |       |       |     3 |     2 |     9 ||    14
  Eat: Chunk             |     1 |     3 |     9 |    11 |    19 |     5 ||    48
       Ration            |       |       |       |     2 |     4 |     2 ||     8
Armor: Scale mail        |    48 |    55 |    98 |   196 |     1 |       ||   398
       Chain mail        |       |       |       |     9 |       |       ||     9
       Plate armour      |       |       |       |       |   317 |   172 ||   489
Dodge: Dodged            |    76 |    92 |   168 |   228 |   362 |   127 ||  1053
Block: Shield            |    75 |    80 |   167 |   272 |   487 |   150 ||  1231
       Buckler           |       |       |       |       |       |    40 ||    40
       Rpst.: Scimitar   |       |     8 |    69 |     7 |     1 |       ||    85
       Double sword      |       |       |       |    40 |    52 |    24 ||   116
